AoeStats
← Mehaverage

Arena

508708570Analyzed
2v2 RM · 9d ago on Sep 23, 2026· 65m 52s· 4 players
Game mode
Random Map
Map size
Medium (4 player)
Population
200
Speed
Normal
Resources
Standard
Victory
Conquest
Starting age
Dark Age
Ending age
Imperial Age
RankedLock teamsTeams togetherTeam positionsShared explorationLock speedFull tech treeHidden civsTurbo modeCheats
Victory
Defeat
🇹🇷 Persians · Türkiye
945
+17
🇬🇧 Malians · United Kingdom
944
+17
🇩🇪 Spanish · Germany
969
-17
🇩🇪 Italians · Germany
959
-17
Mehaverage
11:12 Feudal Age
16:18 Castle Age
15:35 Loom
15:55 Double-Bit Axe
18:26 Horse Collar
19:18 Stone Mining
19:50 Gold Mining
25:26 Wheelbarrow
31:11 Imperial Age
29:04 Town Watch
29:38 Hand Cart
29:44 Scale Mail Armor
29:54 Forging
30:53 Gold Shaft Mining
30:53 Stone Shaft Mining
31:07 Chain Mail Armor
32:19 Conscription
33:49 Plate Mail Armor
33:55 Iron Casting
41:16 Scale Barding Armor
41:52 Fletching
42:26 Chain Barding Armor
41:30 Cavalier
42:21 Bloodlines
42:13 Husbandry
46:05 Plate Barding Armor
46:43 Bodkin Arrow
47:15 Light Cavalry
52:07 Padded Archer Armor
53:27 Leather Archer Armor
53:01 Elite Skirmisher
53:47 Thumb Ring
55:04 Ring Archer Armor
54:58 Ballistics
55:39 Chemistry
Hormozan
0:27 Loom
12:52 Feudal Age
13:58 Double-Bit Axe
14:04 Horse Collar
19:52 Castle Age
18:19 Gold Mining
23:01 Squires
25:38 Forging
25:38 Pikeman
26:41 Caravan
29:25 Stone Mining
35:14 Imperial Age
34:53 Wheelbarrow
34:05 Town Watch
36:15 Coinage
35:57 Heavy Plow
36:10 Bow Saw
37:33 Crop Rotation
38:08 Two-Man Saw
37:27 Hand Cart
37:13 Town Patrol
38:29 Gold Shaft Mining
38:29 Stone Shaft Mining
39:14 Elite War Elephant
39:55 Kamandaran
40:34 Iron Casting
39:59 Scale Mail Armor
39:33 Crossbowman
43:56 Hoardings
43:30 Padded Archer Armor
45:41 Blast Furnace
44:56 Chain Mail Armor
44:57 Leather Archer Armor
46:30 Chemistry
45:23 Fletching
45:39 Scale Barding Armor
45:54 Sappers
46:44 Conscription
46:35 Citadels
47:26 Banking
47:44 Thumb Ring
48:15 Plate Mail Armor
49:49 Ring Archer Armor
49:32 Masonry
49:18 Murder Holes
53:08 Guilds
helo
11:12 Feudal Age
11:15 Feudal Age
15:13 Castle Age
13:06 Double-Bit Axe
18:18 Wheelbarrow
18:51 Horse Collar
19:24 Bow Saw
24:32 Heavy Plow
24:33 Gold Mining
25:37 Fletching
26:28 Bodkin Arrow
26:43 Loom
27:31 Thumb Ring
29:51 Scale Barding Armor
29:47 Padded Archer Armor
30:42 Hand Cart
29:55 Crossbowman
32:15 Ballistics
31:46 Heated Shot
34:52 Imperial Age
32:45 Bloodlines
31:56 Light Cavalry
35:12 Arbalester
35:54 Bracer
36:10 Leather Archer Armor
36:57 Chemistry
39:12 Ring Archer Armor
38:46 Hussar
42:07 Town Watch
42:42 Husbandry
48:11 Two-Man Saw
49:51 Pikeman
50:32 Squires
51:38 Elite Genoese Crossbowman
60:15 Bombard Tower
59:54 Murder Holes
59:45 Arrowslits
noname
10:29 Feudal Age
11:26 Loom
12:22 Loom
15:44 Castle Age
15:04 Double-Bit Axe
15:06 Horse Collar
16:30 Light Cavalry
19:24 Bloodlines
24:35 Scale Barding Armor
27:00 Heavy Plow
27:20 Bow Saw
27:34 Gold Mining
27:35 Stone Mining
27:33 Town Watch
29:01 Wheelbarrow
29:00 Husbandry
29:03 Padded Archer Armor
33:32 Imperial Age
31:16 Caravan
35:13 Two-Man Saw
34:36 Leather Archer Armor
35:18 Cavalier
35:50 Gambesons
36:06 Squires
35:52 Arson
35:29 Pikeman
36:46 Elite Conquistador
38:03 Hoardings
37:48 Conscription
37:50 Supremacy
38:18 Stone Shaft Mining
38:32 Ring Archer Armor
38:16 Forging
37:56 Fletching
38:26 Chain Barding Armor
38:47 Hand Cart
38:33 Town Patrol
40:57 Hoardings
40:43 Conscription
41:47 Bodkin Arrow
42:28 Plate Barding Armor
42:29 Iron Casting
41:55 Scale Mail Armor
41:21 Paladin
43:29 Bracer
43:39 Halberdier
45:56 Blast Furnace
46:47 Supremacy
45:58 Sappers
47:09 Chain Mail Armor
49:39 Chemistry
49:00 Ballistics
48:51 Masonry
48:28 Arrowslits
49:22 Plate Mail Armor
48:35 Hussar
53:36 Architecture
53:27 Bombard Tower
53:41 Architecture
59:58 Murder Holes
61:21 Sanctity
61:12 Redemption
Connection lost

Rejoining the realm…

Still unreachable

The connection could not be restored.

Session expired

The server has moved on; the page needs a fresh start.